 Dungeon Crawl Stone Soup version 0.28-a0-628-g3c9886e45e (webtiles) character file.

Game seed: 14726458635112836363

21 Sabo the Shield-Bearer (level 3, 30/30 HPs)
             Began as a Formicid Fighter on Oct 8, 2021.
             Was a Follower of Kikubaaqudgha.
             Got out of the dungeon alive.
             The game lasted 00:04:14 (632 turns).

Sabo the Shield-Bearer (Formicid Fighter)            Turns: 632, Time: 00:04:14

Health: 30/30      AC:  6    Str: 21    XL:     3   Next: 2%
Magic:  3/3        EV:  9    Int:  7    God:    Kikubaaqudgha [*.....]
Gold:   41         SH:  4    Dex: 10    Spells: 2/2 levels left

rFire   . . .      SeeInvis +   a - +0 quarterstaff
rCold   . . .      Faith    .   c - +0 buckler
rNeg    . . .      Spirit   .   b - +0 scale mail
rPois   +          Reflect  .   (helmet unavailable)
rElec   .          Harm     .   (no cloak)
rCorr   .          Rampage  .   (no gloves)
Will    .....                   (no boots)
Stlth   ..........              (no amulet)
HPRegen 0.10/turn               h - ring of poison resistance
MPRegen 0.08/turn               (no ring)

@: no status effects
A: permanent stasis, dig shafts and tunnels, antennae 3, four strong arms
a: Dig, Shaft Self, Renounce Religion, Receive Corpses


You escaped.
You worshipped Kikubaaqudgha.
Kikubaaqudgha was aware of your devotion.
You visited 1 branch of the dungeon, and saw 1 of its levels.

You collected 41 gold pieces.

Inventory:

Hand Weapons
 a - a +0 quarterstaff (weapon)
Missiles
 g - 19 sling bullets
Armour
 b - a +0 scale mail (worn)
 c - a +0 buckler (worn)
Jewellery
 h - a ring of poison resistance (left hand)
Scrolls
 e - a scroll of blinking {unknown}
 f - a scroll of teleportation {unknown}
 i - a scroll of amnesia {unknown}
Potions
 d - a potion of might


   Skills:
 + Level 3.6 Fighting
 + Level 2.2 Staves
 + Level 3.6 Armour
 + Level 0.1 Dodging
 + Level 3.9 Shields


You had 2 spell levels left.
You didn't know any spells.
Your spell library contained the following spells:

 Spells                   Type           Power      Damage    Failure   Level
 Pain                     Necr           0%         1d4       77%         1
 Corpse Rot               Necr/Air       N/A        N/A       88%         2
 Sublimation of Blood     Necr           0%         N/A       88%         2
 Vampiric Draining        Necr           0%         2d6       98%         3


Dungeon Overview and Level Annotations

Branches:
Dungeon (1/15)

Altars:
Kikubaaqudgha


Innate Abilities, Weirdness & Mutations

You cannot be hasted, slowed, berserked, paralysed or teleported.
You can dig through walls and to a lower floor.
You have a pair of large antennae on your head. (SInv)
Your four strong arms can wield two-handed weapons with a shield.


Message History

The quokka bites you but does no damage.
The quokka bites you.
You hit the quokka but do no damage.
The quokka is almost dead.
The quokka bites you.
You completely miss the quokka.
The quokka is almost dead.
The quokka completely misses you.
You hit the quokka.
You kill the quokka!
Kikubaaqudgha accepts your kill.
You now have 41 gold pieces (gained 16).
You start resting.
HP restored.
A hobgoblin comes into view.
The hobgoblin shouts!
You closely miss the hobgoblin.
The hobgoblin hits you but does no damage.
You sock the hobgoblin!
You kill the hobgoblin!
Kikubaaqudgha accepts your kill.
You have reached level 3!
Your experience leads to an increase in your attributes!
Increase (S)trength, (I)ntelligence, or (D)exterity?
You feel stronger.
You see here a hobgoblin corpse.
Kikubaaqudgha delivers you a corpse!
Unknown command.
You see here a ball python corpse.
You start resting.
Magic restored.
You see here a ball python corpse.
Okay, then.
You see here a hobgoblin corpse.
You open the door.
There is an open door here.
There is a staircase leading out of the dungeon here.
You can't go down here!
Are you sure you want to leave the Dungeon?
This will make you lose the game!
You have escaped!

##.#'.#
##...###
##.....##
##.......##
#+.........##
##..(........##
#.............#
#.............#
#......@......#
#.............#
#.............#
##...........##
##.........##
#.#
##+.......+#
#.. #.##.....##
..# {
#.####.### #.#
#.####.#######
#.#


There were no monsters in sight!

Vanquished Creatures
  2 bats (D:1)
  2 endoplasms (D:1)
  2 giant cockroaches (D:1)
  5 hobgoblins (D:1)
  2 quokkas (D:1)
  A goblin (D:1)
  A kobold (D:1)
  2 rats (D:1)
17 creatures vanquished.

Notes
Turn   | Place    | Note
-------+----------+-------------------------------------------
     0 | D:1      | Sabo the Formicid Fighter began the quest for the Orb.
     0 | D:1      | Reached XP level 1. HP: 18/18 MP: 1/1
   163 | D:1      | Found a faded altar of an unknown god.
   167 | D:1      | Reached XP level 2. HP: 21/24 MP: 2/2
   200 | D:1      | Became a worshipper of Kikubaaqudgha
   200 | D:1      | Reached * piety under Kikubaaqudgha
   200 | D:1      | Received a gift from Kikubaaqudgha
   569 | D:1      | Reached XP level 3. HP: 30/30 MP: 3/3
   632 | D:$      | Got out of the dungeon alive.

Illustrated notes

Levels and vault maps discovered:
D:1:      lemuel_arrival_rhombus, layout_loops_ring,
          chequers_ecumenical_altar_grove

Action                   || total
-------------------------++-------
Melee: Quarterstaff      ||    44
Invok: Receive Corpses   ||     1
Armor: Scale mail        ||    17
Dodge: Dodged            ||    19
Block: Buckler           ||     6

Table legend: (Time is in decaauts)
 A = Elapsed time spent in this place.
 B = Non-inter-level travel time spent in this place.
 C = Inter-level travel time spent in this place.
 D = Time resting spent in this place.
 E = Time spent auto-exploring this place.
 F = Levels seen in this place.
 G = Mean time per level.
                   A        B        C        D        E       F      G
               +--------+--------+--------+--------+--------+-----+--------+
         Total |    640 |    640 |      0 |    122 |      0 |   1 |  640.0 |
       Dungeon |    640 |    640 |      0 |    122 |      0 |   1 |  640.0 |
               +--------+--------+--------+--------+--------+-----+--------+

Top non-repeatable levels by time:
     D:1: 640 daAuts
